Map: Prion Terraces

Players

TensunLy

  • Race: Protoss Protoss
  • League: Bronze

Dedac - Winner!

  • Race: Protoss Protoss
  • League: Silver

VOD

Have the link to the VOD?

Description

Time

  • Played on: Nov. 22, 2015, 8:15 p.m.
  • Length: 19:01
Show
View Real Time Build Order
Export as new Build Order

TensunLy Protoss 

Build Orders:  

Get SALT Encoding   

  12  0:01  Probe (Chrono Boost)  
  13  0:12  Probe (Chrono Boost)  
  14  0:22  Probe (Chrono Boost), Pylon  
  15  0:40  Probe (Chrono Boost), Assimilator  
  16  0:51  Probe (Chrono Boost)  
  16  0:53  Gateway  
  17  1:01  Probe (Chrono Boost)  
  18  1:12  Probe (Chrono Boost)  
  19  1:20  Pylon  
  19  1:23  Probe (Chrono Boost)  
  19  1:25  Assimilator  
  20  1:33  Probe (Chrono Boost)  
  21  1:40  Zealot  
  21  1:44  Probe (Chrono Boost)  
  24  1:54  Probe (Chrono Boost)  
  25  2:10  Probe (Chrono Boost)  
  25  2:12  Zealot  
  28  2:16  Nexus  
  28  2:20  Probe (Chrono Boost)  
  29  2:31  Probe (Chrono Boost)  
  29  2:36  Gateway  
  30  2:42  Probe (Chrono Boost)  
  31  2:49  Cybernetics Core  
  31  2:59  Pylon  
  31  3:17  Zealot  
  31  3:18  Probe (Chrono Boost)  
  34  3:26  Warp Gate (Chrono Boost)  
  34  3:28  Probe  
  34  3:38  Probe  
  34  3:40  Probe  
  36  3:45  Zealot, Assimilator  
  38  3:49  Probe, Pylon  
  38  3:52  Probe  
  38  3:54  Sentry  
  42  3:59  Probe  
  42  4:01  Stargate  
  43  4:04  Probe  
  44  4:10  Pylon  
  44  4:11  Pylon  
  44  4:12  Sentry  
  44  4:16  Probe  
  47  4:20  Zealot  
  49  4:26  Probe  
  49  4:29  Mothership Core  
  52  4:34  Assimilator  
  52  4:37  Probe  
  52  4:38  Zealot  
  55  4:40  Forge  
  55  4:45  Void Ray  
  59  4:47  Probe  
  59  4:49  Zealot  
  59  4:50  Probe  
  63  5:02  Stargate  
  63  5:03  Probe  
  64  5:13  Probe  
  53  5:23  Photon Cannon  
  53  5:24  Probe  
  43  5:35  Photon Cannon  
  43  5:38  Photon Cannon  
  43  5:47  Void Ray (Chrono Boost)  
  43  5:48  Photon Cannon  
  47  5:57  Probe  
  47  6:03  Photon Cannon  
  48  6:07  Probe  
  48  6:08  Probe  
  50  6:18  Stalker  
  52  6:19  Probe  
  52  6:20  Probe  
  54  6:30  Void Ray (Chrono Boost)  
  54  6:31  Probe  
  54  6:32  Probe  
  60  6:51  Probe  
  61  7:00  Void Ray (Chrono Boost)  
  65  7:03  Probe  
  66  7:14  Gateway  
  66  7:15  Probe  
  66  7:16  Gateway  
  66  7:20  Probe  
  68  7:27  Probe  
  68  7:28  Void Ray (Chrono Boost)  
  73  7:32  Probe  
  74  7:39  Stalker  
  74  7:40  Probe  
  74  7:44  Probe  
  78  7:49  Pylon  
  78  7:50  Pylon  
  78  7:52  Pylon  
  78  8:01  Robotics Facility  
  78  8:37  Void Ray x2 (Chrono Boost)  
  78  8:55  Stalker x3  
  82  9:01  Probe  
  85  9:14  Void Ray (Chrono Boost)  
  89  9:19  Nexus  
  89  9:29  Void Ray (Chrono Boost)  
  93  9:39  Pylon  
  93  9:51  Void Ray (Chrono Boost)  
  97  9:54  Observer  
  94  10:28  Void Ray (Chrono Boost)  
  98  10:29  Void Ray (Chrono Boost)  
  86  10:51  Stalker x4  
  86  10:53  Probe  
  95  10:58  Probe  
  95  10:59  Probe  
  97  11:04  Probe  
  97  11:05  Void Ray (Chrono Boost)  
  97  11:10  Probe  
  103  11:15  Probe  
  103  11:17  Assimilator  
  104  11:20  Assimilator  
  104  11:22  Probe  
  104  11:25  Probe  
  106  11:36  Probe  
  107  11:46  Probe  
  108  12:11  Stalker x4  
  108  12:14  Void Ray x2 (Chrono Boost)  
  108  12:51  Void Ray x2 (Chrono Boost)  
  90  13:13  Probe  
  89  13:22  Stalker  
  89  13:23  Stalker x3  
  89  13:25  Probe  
  98  13:27  Nexus  
  98  13:29  Void Ray x2 (Chrono Boost)  
  98  13:31  Observer  
  98  13:32  Twilight Council  
  107  13:35  Twilight Council  
  107  13:37  Probe  
  108  13:41  Pylon  
  108  13:52  Observer  
  109  13:56  Stargate  
  108  14:06  Stalker, Void Ray x2 (Chrono Boost)  
  108  14:07  Stalker x3  
  124  14:16  Assimilator  
  124  14:17  Assimilator  
  124  14:21  Pylon  
  124  14:24  Resonating Glaives  
  124  14:26  Blink  
  124  14:31  Stalker  
  124  14:32  Stalker x3  
  124  14:37  Pylon  
  132  14:39  Pylon  
  132  14:43  Void Ray x2 (Chrono Boost)  
  144  14:57  Void Ray (Chrono Boost)  
  144  14:59  Probe  
  144  15:06  Gateway  
  145  15:09  Probe, Gateway  
  146  15:20  Probe, Void Ray x2 (Chrono Boost)  
  159  15:40  Void Ray (Chrono Boost)  
  159  15:50  Zealot x4  
  166  15:57  Void Ray (Chrono Boost)  
  170  16:05  Void Ray (Chrono Boost)  
  136  16:23  Void Ray (Chrono Boost)  
  100  16:25  Stalker  
  100  16:26  Stalker x2  
  100  16:27  Stalker  
  86  16:35  Void Ray (Chrono Boost)  
  86  16:37  Stalker  
  86  16:38  Stalker  
  94  16:43  Void Ray (Chrono Boost)  
  94  16:46  Charge  
  98  16:49  Probe  
  97  17:00  Photon Cannon  
  102  17:01  Probe  
  102  17:03  Photon Cannon  
  102  17:05  Void Ray (Chrono Boost)  
  92  17:13  Stalker x2, Probe  
  92  17:14  Stalker x2  
  92  17:15  Stalker  
  80  17:16  Stalker  
  73  17:31  Void Ray x2 (Chrono Boost)  
  69  17:48  Void Ray (Chrono Boost)  
  69  17:49  Stalker x2  
  69  17:50  Stalker x2  
  76  18:08  Void Ray (Chrono Boost)  
  76  18:11  Stalker  
Show
View Real Time Build Order
Export as new Build Order

Dedac Protoss - Winner!

Build Orders: Oracle Opening 

Get SALT Encoding   

  12  0:01  Probe (Chrono Boost)  
  13  0:16  Pylon  
  13  0:18  Probe (Chrono Boost)  
  14  0:29  Probe (Chrono Boost)  
  14  0:31  Assimilator  
  15  0:39  Probe (Chrono Boost)  
  16  0:46  Gateway  
  17  0:50  Probe (Chrono Boost)  
  17  1:00  Probe (Chrono Boost)  
  18  1:11  Probe (Chrono Boost)  
  19  1:16  Pylon  
  19  1:24  Probe (Chrono Boost)  
  20  1:34  Probe (Chrono Boost)  
  21  1:47  Cybernetics Core  
  21  1:56  Pylon  
  21  1:57  Zealot  
  23  2:15  Nexus  
  23  2:24  Zealot  
  23  2:27  Probe (Chrono Boost)  
  26  2:31  Assimilator  
  26  2:37  Probe (Chrono Boost)  
  27  2:51  Stalker  
  27  2:53  Probe (Chrono Boost)  
  27  2:54  Stargate  
  30  3:04  Probe (Chrono Boost)  
  30  3:05  Pylon  
  31  3:14  Probe (Chrono Boost)  
  31  3:19  Gateway  
  32  3:24  Adept  
  34  3:31  Probe (Chrono Boost)  
  35  3:42  Probe (Chrono Boost)  
  35  3:43  Probe (Chrono Boost)  
  37  3:52  Probe (Chrono Boost)  
  37  3:53  Probe (Chrono Boost)  
  39  3:57  Oracle  
  42  4:03  Probe (Chrono Boost)  
  42  4:04  Mothership Core (Chrono Boost)  
  42  4:09  Warp Gate  
  45  4:13  Probe (Chrono Boost)  
  46  4:23  Forge  
  47  4:24  Probe (Chrono Boost)  
  47  4:25  Gateway  
  47  4:27  Assimilator  
  47  4:32  Assimilator  
  47  4:34  Probe (Chrono Boost)  
  48  4:45  Probe (Chrono Boost)  
  49  4:55  Probe x2 (Chrono Boost)  
  51  5:03  Phoenix  
  51  5:04  Pylon  
  51  5:06  Probe (Chrono Boost)  
  54  5:14  Probe (Chrono Boost)  
  55  5:16  Probe (Chrono Boost)  
  55  5:17  Sentry  
  47  5:28  Phoenix  
  56  5:44  Sentry  
  55  5:57  Stargate  
  55  6:05  Stalker x2  
  55  6:10  Adept  
  61  6:16  Probe (Chrono Boost)  
  62  6:26  Probe (Chrono Boost)  
  62  6:30  Phoenix  
  65  6:37  Probe (Chrono Boost), Adept  
  68  6:43  Stargate  
  68  6:47  Probe (Chrono Boost)  
  69  7:04  Pylon  
  69  7:06  Pylon  
  69  7:07  Nexus  
  69  7:09  Pylon  
  69  7:10  Pylon  
  69  7:12  Pylon  
  69  7:15  Pylon  
  69  7:24  Zealot x2, Phoenix x2  
  69  7:26  Stalker  
  69  7:29  Phoenix  
  81  7:39  Assimilator  
  81  7:43  Assimilator  
  81  7:49  Phoenix x2  
  81  7:50  Probe (Chrono Boost)  
  81  7:51  Stalker, Zealot  
  90  7:54  Phoenix  
  90  7:56  Stalker  
  94  8:08  Protoss Air Weapons Level 1 (Chrono Boost)  
  94  8:18  Stalker  
  88  8:40  Probe  
  89  8:50  Probe  
  90  9:01  Probe  
  91  9:10  Phoenix  
  91  9:11  Probe, Phoenix x2  
  98  9:29  Stalker, Adept  
  102  9:33  Adept  
  102  9:35  Phoenix x2  
  108  9:46  Stargate, Phoenix  
  108  9:47  Stargate  
  110  9:54  Probe  
  110  9:56  Stalker  
  110  9:58  Probe  
  110  9:59  Stalker  
  114  10:00  Adept  
  114  10:05  Probe  
  108  10:15  Probe  
  109  10:23  Phoenix x2  
  109  10:26  Probe  
  112  10:57  Probe  
  113  11:07  Probe  
  113  11:09  Fleet Beacon  
  114  11:13  Pylon  
  114  11:15  Stalker  
  114  11:16  Pylon  
  116  11:20  Pylon  
  116  11:45  Stalker, Nexus  
  116  11:49  Pylon  
  116  11:50  Pylon  
  116  11:53  Pylon  
  116  11:55  Tempest x2  
  116  11:56  Tempest x2  
  116  11:57  Assimilator  
  116  11:59  Assimilator  
  132  12:05  Probe  
  133  12:16  Probe  
  134  12:27  Probe  
  127  12:37  Probe, Phoenix  
  127  12:38  Phoenix x2  
  127  12:39  Phoenix x2  
  136  12:48  Probe  
  125  13:21  Pylon  
  125  13:25  Photon Cannon  
  125  13:26  Probe  
  125  13:27  Photon Cannon  
  125  13:28  Probe  
  125  13:29  Photon Cannon x2  
  127  13:36  Probe  
  127  13:38  Tempest x2  
  127  13:39  Probe  
  137  13:47  Probe  
  137  13:49  Probe  
  137  13:55  Pylon  
  139  13:57  Probe  
  139  14:00  Probe  
  139  14:01  Probe  
  141  14:08  Probe  
  143  14:10  Probe  
  143  14:12  Probe  
  145  14:18  Probe  
  145  14:21  Probe  
  147  14:29  Probe  
  148  14:31  Probe  
  149  14:39  Probe  
  149  14:41  Stalker x2  
  149  14:42  Probe  
  155  14:49  Probe  
  155  14:50  Probe  
  157  14:52  Probe  
  158  15:01  Tempest, Pylon  
  158  15:02  Tempest x2  
  170  15:11  Stalker x2  
  170  15:12  Probe  
  175  15:27  Probe  
  175  15:32  Nexus  
  175  15:34  Tempest  
  175  15:35  Tempest, Assimilator  
  184  15:37  Probe  
  184  15:39  Assimilator  
  184  15:41  Stalker  
  187  15:43  Pylon  
  187  15:48  Pylon  
  149  16:41  Tempest x4  
  147  17:17  Probe  
  148  17:27  Probe  
  149  17:38  Probe  
  150  17:48  Probe  
  149  17:59  Probe  
Tags
 
Add a new tag
Caveats
  • Supply blocks, unpowered buildings, or Contaminate may cause inaccurate times.
  • Supply counts are checked every 10 seconds.